 Dungeon Crawl Stone Soup version 0.19.5 (webtiles) character file.

214 Gargoyl the Skirmisher (level 5, -14/46 HPs)
             Began as a Ghoul Abyssal Knight on Apr 24, 2017.
             Was a Believer of Lugonu.
             Demolished by an orc warrior
             ... wielding a +0 war axe
              (16 damage)
             ... on level 2 of the Dungeon.
             The game lasted 00:07:46 (2571 turns).

Gargoyl the Skirmisher (Ghoul Abyssal Knight)       Turns: 2571, Time: 00:07:46

Health: -14/46     AC: 11    Str: 15 (16) XL:     5   Next: 91%
Magic:  6/6        EV:  6    Int: 11 (12) God:    Lugonu [**....]
Gold:   149        SH:  0    Dex:  8 (9)  Spells: 0 memorised, 4 levels left

rFire  + . .     SeeInvis .     a - +1 hand axe
rCold  + . .     Gourm    .     g - +0 chain mail
rNeg   + + +     Faith    .     (no shield)
rPois  ∞         Spirit   .     (no helmet)
rElec  .         Reflect  .     (no cloak)
rCorr  .         Harm     .     i - +1 pair of gloves
MR     .....                    (no boots)
Stlth  ..........               (no amulet)
                                o - ring of protection from fire
                                (no ring)

@: brilliant, rotting
A: rotting body, claws 1, carnivore 3, cold resistance 1, negative energy
resistance 3, slow regeneration 1, torment resistance, unbreathing
a: Depart the Abyss, Bend Space, Renounce Religion


You were on level 2 of the Dungeon.
You worshipped Lugonu.
Lugonu was pleased with you.
You were not hungry.

You visited 1 branch of the dungeon, and saw 3 of its levels.
You visited the Abyss 1 time.

You collected 149 gold pieces.

Inventory:

Hand Weapons
 a - a +1 hand axe (weapon)
Armour
 g - a +0 chain mail (worn)
 i - a +1 pair of gloves (worn)
Jewellery
 l - a +3 ring of dexterity {unknown}
 o - a ring of protection from fire (right hand)
Wands
 t - a wand of flame (8/48)
Scrolls
 e - a scroll of remove curse
 h - a scroll of immolation {unknown}
 j - 2 scrolls of enchant weapon {unknown}
 k - 5 scrolls of identify {unknown}
 q - a scroll of magic mapping {unknown}
 s - a scroll of teleportation
Potions
 r - a potion of brilliance
Comestibles
 c - a meat ration
 d - a beef jerky


   Skills:
 + Level 4.1 Fighting
 + Level 3.2 Axes
 * Level 3.3 Armour
 + Level 1.1 Dodging
 * Level 3.3 Invocations


You had 4 spell levels left.
You didn't know any spells.

Dungeon Overview and Level Annotations

Branches:
Dungeon (3/15)

Altars:
Fedhas
Hepliaklqana
Kikubaaqudgha


Innate Abilities, Weirdness & Mutations

Your body is rotting away.
You thrive on raw meat.
You are immune to poison.
You have sharp fingernails.
You are carnivorous and can eat meat at any time.
Your flesh is cold resistant. (rC+)
You are immune to negative energy. (rN+++)
You regenerate slowly when monsters are visible.
You are immune to unholy pain and torment.
You can survive without breathing.


Message History

You feel dopey.
Your body decomposes!
You feel weakened.
The orc warrior hits you with a war axe!
* * * LOW HITPOINT WARNING * * *
You feel better. The orc warrior barely misses you.
You feel better.
The orc warrior hits you with a war axe!
You closely miss the orc warrior. The orc warrior completely misses you.
You closely miss the orc warrior.
The orc warrior hits you with a war axe!
* * * LOW HITPOINT WARNING * * *
You hit the orc warrior but do no damage.
You hit the orc warrior but do no damage.
The orc warrior hits you with a war axe.
* * * LOW HITPOINT WARNING * * *
Unknown command.
You barely miss the orc warrior.
The orc warrior hits you with a war axe!
You die...

#.# #.# ##########.###### #.#
#.# #.# #.# ###
#.#######.######.######.####..
#......÷.........(#..........#
#########.######.............#
#.# ####....###......# #.#
#...............((
#.###.##.##.###.###(.#
#....@o)..............
########.##.###.##...#
###########.##..........#
#..................(..###
###########.###.##.##.#
#.###.##.##.# #.....##.##.#
########.##.# #.##.#


You could see an orc warrior.

Vanquished Creatures
  An orc priest (D:3)
  Ijyb (D:3)
  3 adders
  4 gnolls (D:3)
  An ooze (D:1)
  2 worms (D:3)
  A dart slug (D:2)
  3 leopard geckos
  3 orcs (D:3)
  A ball python (D:1)
  3 giant cockroaches (D:1)
  9 goblins
  10 hobgoblins
  10 jackals
  2 quokkas
  7 bats
  2 frilled lizards
  5 kobolds
  7 rats
75 creatures vanquished.

Notes
Turn   | Place    | Note
-------+----------+-------------------------------------------
     0 | Abyss:1  | Gargoyl the Ghoul Abyssal Knight began the quest for the Orb.
     0 | Abyss:1  | Reached XP level 1. HP: 19/19 MP: 1/1
    37 | Abyss:1  | Found a corrupted altar of Lugonu.
    40 | Abyss:1  | Found a corrupted altar of Lugonu.
    44 | Abyss:1  | Found a corrupted altar of Lugonu.
   150 | Abyss:1  | Noticed a thrashing horror
   153 | Abyss:1  | Noticed a sky beast
   153 | D:1      | Escaped the Abyss
   187 | D:1      | Reached skill level 1 in Dodging
   212 | D:1      | Reached * piety under Lugonu
   327 | D:1      | Reached XP level 2. HP: 26/27 MP: 2/2
   530 | D:1      | Reached XP level 3. HP: 28/33 MP: 3/3
   982 | D:2      | Found a faded altar of an unknown god.
   982 | D:2      | Found a faded altar of an unknown god.
   988 | D:2      | Found a hazy altar of Hepliaklqana.
   990 | D:2      | Found a faded altar of an unknown god.
   993 | D:2      | Found a faded altar of an unknown god.
  1076 | D:2      | Reached XP level 4. HP: 35/40 MP: 4/4
  1187 | D:2      | Reached ** piety under Lugonu
  1281 | D:2      | Found an ancient bone altar of Kikubaaqudgha.
  1282 | D:2      | Found a blossoming altar of Fedhas.
  1514 | D:3      | Noticed Ijyb
  1549 | D:3      | Killed Ijyb
  1549 | D:3      | Reached skill level 4 in Fighting
  1779 | D:3      | Found a faded altar of an unknown god.
  1831 | D:3      | Reached XP level 5. HP: 31/46 MP: 6/6
  2361 | D:3      | Noticed an orc warrior
  2568 | D:2      | HP: 2/46 [orc warrior/war axe (16)]
  2571 | D:2      | Demolished by an orc warrior

Skill      XL: |  1  2  3  4  5 |
---------------+----------------+-----
Dodging        | 1 |  1.1
Armour         | 2 3 |  3.3
Axes           | 2 3 |  3.2
Fighting       | 4 |  4.1
Invocations    | 3 |  3.3

Action                   |  1- 3 |  4- 6 || total
-------------------------+-------+-------++-------
Melee: Hand axe          |   115 |   205 ||   320
Invok: Depart the Abyss  |     1 |       ||     1
  Use: Scroll            |     3 |       ||     3
       Potion            |       |     6 ||     6
  Eat: Chunk             |     9 |    38 ||    47
Armor: Chain mail        |   115 |   178 ||   293
       Ring mail         |     5 |       ||     5
Dodge: Dodged            |    58 |    93 ||   151
